Map: Invader LE

Players

UnaBaby

  • Race: Zerg Zerg
  • League: Silver
  • Spawn Location: 5:00

Fropez - Winner!

  • Race: Protoss Protoss
  • League: Silver
  • Spawn Location: 7:00

VOD

Have the link to the VOD?

Description

Time

  • Played on: June 16, 2016, 12:22 p.m.
  • Length: 10:37
Show
View Real Time Build Order
Export as new Build Order

UnaBaby Zerg 

Build Orders: Hatch First 

Get SALT Encoding   

  12  0:01  Drone  
  13  0:08  Drone  
  14  0:17  Overlord  
  14  0:22  Extractor  
  14  0:23  Drone  
  15  0:36  Drone x2  
  17  0:47  Drone  
  18  0:58  Hatchery  
  18  1:00  Drone  
  18  1:05  Extractor  
  17  1:16  Spawning Pool  
  16  1:21  Drone  
  16  1:22  Drone  
  18  1:30  Drone  
  19  2:04  Queen  
  19  2:05  Zergling x2  
  19  2:07  Overlord  
  22  2:11  Queen  
  22  2:12  Drone  
  22  2:14  Drone  
  26  2:17  Zergling x2  
  27  2:26  Drone  
  28  2:31  Drone  
  28  2:35  Drone  
  30  2:43  Drone x2  
  32  2:50  Drone  
  33  2:57  Extractor, Lair  
  32  2:59  Drone x2  
  32  3:01  Extractor  
  33  3:23  Drone x3  
  36  3:32  Overlord  
  36  4:03  Spire  
  36  4:09  Extractor  
  33  4:19  Drone x3  
  36  4:25  Overlord x2  
  36  4:26  Drone x3  
  39  4:36  Drone x2  
  41  4:39  Queen  
  41  4:40  Drone  
  41  4:42  Overlord x2  
  41  4:43  Hatchery  
  43  4:55  Zergling x12  
  43  4:56  Zergling x4  
  51  5:05  Metabolic Boost  
  49  5:28  Mutalisk x4  
  48  5:29  Mutalisk x5  
  65  5:48  Mutalisk x3  
  71  5:55  Queen  
  73  5:59  Zerg Flyer Weapons Level 1  
  73  6:00  Drone  
  73  6:01  Drone x2  
  76  6:14  Mutalisk  
  78  6:25  Pneumatized Carapace  
  75  6:53  Zergling x2  
  75  6:54  Zergling x14  
  81  6:58  Overlord x2  
  81  7:04  Evolution Chamber x2  
  78  7:09  Zergling x8  
  77  7:47  Drone x5  
  77  7:48  Drone x2  
  77  7:49  Overlord x2  
  84  7:55  Hatchery  
  81  8:17  Zergling x2  
  81  8:18  Zergling x20  
  87  8:38  Zerg Melee Weapons Level 1  
  87  8:39  Zerg Ground Armor Level 1  
  87  8:51  Hydralisk Den  
  87  8:53  Hatchery  
  85  8:59  Zergling x16  
  85  9:00  Zergling x8  
  97  9:08  Mutalisk  
  97  9:09  Mutalisk x5  
  109  9:22  Infestation Pit  
  108  9:25  Overlord x2  
  108  9:34  Extractor  
  108  9:36  Drone x4  
  108  9:37  Extractor  
Show
View Real Time Build Order
Export as new Build Order

Fropez Protoss - Winner!

Build Orders:  

Get SALT Encoding   

  12  0:02  Probe (Chrono Boost)  
  13  0:15  Pylon  
  13  0:17  Probe (Chrono Boost)  
  14  0:28  Probe (Chrono Boost)  
  15  0:29  Assimilator  
  15  0:40  Gateway  
  15  0:44  Probe (Chrono Boost)  
  16  0:55  Probe (Chrono Boost)  
  17  1:01  Assimilator  
  17  1:07  Probe (Chrono Boost)  
  18  1:11  Pylon  
  18  1:17  Probe (Chrono Boost)  
  19  1:27  Cybernetics Core  
  19  1:31  Probe (Chrono Boost)  
  20  1:45  Gateway  
  20  1:47  Probe (Chrono Boost)  
  21  1:58  Probe (Chrono Boost)  
  22  2:04  Warp Gate (Chrono Boost)  
  22  2:09  Mothership Core  
  22  2:13  Adept  
  26  2:22  Pylon  
  26  2:30  Probe  
  27  2:40  Adept  
  27  2:41  Adept  
  31  2:51  Twilight Council, Probe  
  32  3:06  Gateway  
  32  3:07  Probe  
  32  3:09  Adept  
  35  3:13  Adept  
  37  3:20  Probe  
  38  3:27  Resonating Glaives (Chrono Boost)  
  38  3:32  Probe  
  38  3:50  Probe  
  39  4:17  Probe  
  38  4:28  Nexus  
  38  4:29  Probe  
  39  4:33  Pylon  
  39  4:38  Gateway  
  39  4:51  Probe  
  40  4:53  Adept x3  
  46  5:03  Probe  
  47  5:27  Adept  
  47  5:32  Probe  
  47  5:33  Pylon  
  46  5:37  Pylon  
  42  5:47  Probe  
  42  5:52  Pylon  
  42  5:54  Pylon  
  42  5:55  Adept x2  
  42  5:56  Adept x2, Gateway  
  50  5:59  Probe  
  51  6:04  Probe  
  52  6:12  Probe  
  52  6:16  Probe  
  54  6:21  Adept x4  
  62  6:26  Probe  
  63  6:42  Stalker  
  63  6:43  Stalker x3  
  61  7:00  Probe  
  61  7:01  Pylon  
  61  7:04  Pylon  
  62  7:26  Probe, Stalker x3  
  62  7:27  Stalker  
  65  7:41  Probe  
  65  7:42  Probe  
  55  7:51  Probe  
  55  7:54  Stalker x2  
  55  7:55  Assimilator, Stalker x2  
  55  7:58  Assimilator  
  62  8:10  Stalker  
  54  8:19  Probe x2  
  54  8:21  Zealot  
  54  8:22  Zealot x3  
  64  8:28  Pylon  
  64  8:29  Probe x2  
  66  8:39  Pylon  
  66  8:41  Pylon  
  66  8:43  Probe  
  66  8:44  Pylon, Probe  
  68  8:54  Probe  
  68  8:58  Probe  
  70  9:05  Probe  
  70  9:08  Probe  
  71  9:15  Probe  
  71  9:16  Stargate  
  73  9:17  Stargate, Stalker  
  73  9:19  Probe  
  73  9:20  Stalker  
  78  9:25  Stalker  
  80  9:37  Pylon  
  70  10:01  Phoenix x2  
  70  10:05  Mothership Core  
  76  10:18  Zealot x3  
  76  10:19  Zealot x2  
Tags
 
Matchup
PvZ
Replay Pack
All Mines
Spawn Locations
Close Positions
Add a new tag
Caveats
  • Supply blocks, unpowered buildings, or Contaminate may cause inaccurate times.
  • Supply counts are checked every 10 seconds.